 Dungeon Crawl Stone Soup version 0.30.0-10-gfe55d96785 (webtiles) character file.

Game seed: 6917538268463357609

280 qw the Chopper (level 6, -18/37 HPs)
             Began as a Gargoyle Cinder Acolyte on May 17, 2023.
             Was a High Priest of Ignis.
             Demolished by an ogre
             ... wielding a +0 giant club
              (25 damage)
             ... on level 4 of the Dungeon.
             The game lasted 00:01:32 (2586 turns).

qw the Chopper (Gargoyle Cinder Acolyte)            Turns: 2586, Time: 00:01:33

Health: -18/37     AC: 22    Str: 20    XL:     6   Next: 27%
Magic:  7/7        EV:  6    Int: 14    God:    Ignis [*****.]
Gold:   194        SH:  0    Dex:  5    Spells: 7/7 levels left

rFire   + . .        Y - -1 hand axe (flame)
rCold   . . .        (no shield)
rNeg    + . .        h - +1 plate armour
rPois   inf          (no helmet)
rElec   +            e - +0 cloak
rCorr   .            i - +2 pair of gloves
SInv    .            c - +0 pair of boots
Will    .....        (no amulet) Stlth
                     (no ring)
HPRegen 0.26/turn    (no ring)
MPRegen 0.10/turn

%: no passive effects
@: about to teleport
A: sickness immunity, AC +4, negative energy resistance 1, electricity
resistance, torment resistance 1, petrification resistance
a: Renounce Religion, Fiery Armour, Foxfire Swarm, Rising Flame


You were on level 4 of the Dungeon.
You worshipped Ignis.
Ignis was extremely pleased with you.
You visited 1 branch of the dungeon, and saw 4 of its levels.

You collected 194 gold pieces.


Innate Abilities, Weirdness & Mutations

You are immune to sickness and miasma.
Your stone body is resilient. (AC +4)
You are immune to poison.
You resist negative energy. (rN+)
You are resistant to electric shocks. (rElec)
You are resistant to unholy torment.
You are immune to petrification.


   Skills:
 + Level 3.5 Fighting
 - Level 5.2 Axes
 - Level 3.4 Armour
 - Level 1.0 Spellcasting
 - Level 3.0 Fire Magic


You had 7 spell levels left.
You didn't know any spells.
Your spell library contained the following spells:

 Spells                   Type           Power      Damage    Failure   Level
 Scorch                   Fire           18%        2d6       97%         2

Inventory:

Hand Weapons
 Y - a -1 hand axe of flaming (weapon)
Armour
 c - a +0 pair of boots (worn)
 e - a +0 cloak (worn)
 h - a +1 plate armour (worn)
 i - a +2 pair of gloves (worn)
Scrolls
 d - 2 scrolls of teleportation
 f - a scroll of amnesia {unknown}
Potions
 a - a potion of might {unknown}
 b - a potion of brilliance {unknown}
 g - a potion of heal wounds
 j - a potion of flight {unknown}
 k - a potion of curing {unknown}

Dungeon Overview and Level Annotations

Branches:
Dungeon (4/15)
 Temple: D:4-7

Altars:
Kikubaaqudgha
Nemelex Xobeh
Vehumet


Message History

You kill the hobgoblin!
You see here a hobgoblin corpse.
You see here a hobgoblin corpse.
Found a radiant altar of Vehumet.
Found a book of Winter.
Found a sparkling altar of Nemelex Xobeh.
There is an open gate here.
There is an open gate here.
A worm comes into view.
You hit the worm. You burn the worm.
The worm is moderately wounded.
The worm bites you but does no damage.
You hit the worm. You burn the worm.
The worm is heavily wounded.
You barely miss the worm. You punch the worm.
The worm is severely wounded.
The worm barely misses you.
You slash the worm! You burn the worm.
You kill the worm!
You see here a worm corpse.
You see here a hobgoblin corpse.
An ogre comes into view. It is wielding a +0 giant club.
Found a club.
A kobold comes into view. It is wielding a +3 dagger.
2580 ||| Stepping ~*~*~tactically~*~*~ (stealth).
You hit the ogre. You burn the ogre.
The ogre is lightly wounded.
The ogre hits you with a +0 giant club!
You hit the ogre but do no damage.
The ogre is lightly wounded.
You hit the ogre but do no damage.
The ogre is lightly wounded.
The ogre hits you with a +0 giant club!!
Ouch! That really hurt!
2586 ||| READING 3 scrolls of teleportation.
As you read the scroll of teleportation, it crumbles to dust.
You feel strangely unstable.
The ogre hits you with a +0 giant club!!
Ouch! That really hurt!
You die...

..... #...# ##.## ....
#####...######## #.#
...............###.####
.......................
...............#..#.#.#
#####...########.###..#
#...# #..#.#.# #.#.#
#......# #.@.# ###.####
#.O.# #....# #...#
###.## #.... #.##
#..... #..' ......#
##.' .#...... #.'
........## ###
..K#.##.## #


You could see an ogre.

Vanquished Creatures
  An ogre (D:4)
  A scorpion (D:4)
  5 adders
  An ufetubus (D:4)
  2 worms
  2 dart slugs
  2 orcs
  7 ball pythons
  5 bats (D:1)
  9 endoplasms
  3 giant cockroaches
  9 hobgoblins
  3 quokkas
  4 frilled lizards
  6 goblins
  9 kobolds
  3 rats
72 creatures vanquished.

Notes
Turn   | Place    | Note
-------+----------+-------------------------------------------
     0 | D:1      | qw the Gargoyle Cinder Acolyte began the quest for the Orb.
     0 | D:1      | Reached XP level 1. HP: 14/14 MP: 2/2
     0 | D:1      | 0 ||| qw: Version: 0.2-a-95-g4c1bab1
     0 | D:1      | 0 ||| qw: Game counter: 162
     0 | D:1      | 0 ||| qw: Always use a shield: true
     0 | D:1      | 0 ||| qw: God list: Okawaru
     0 | D:1      | 0 ||| qw: Allow faded altars: false
     0 | D:1      | 0 ||| qw: Do Orc after D:15 true
     0 | D:1      | 0 ||| qw: Do second Lair branch before Depths: true
     0 | D:1      | 0 ||| qw: Lair rune preference: random
     0 | D:1      | 0 ||| qw: Plans: Normal
     0 | D:1      | 0 ||| PLANNING D:1-11
    47 | D:1      | Reached skill level 3 in Axes
    59 | D:1      | 59 ||| Stepping ~*~*~tactically~*~*~ (stealth).
    66 | D:1      | Reached XP level 2. HP: 16/19 MP: 3/3
   127 | D:1      | 127 ||| Stepping ~*~*~tactically~*~*~ (hiding).
   129 | D:1      | 129 ||| Stepping ~*~*~tactically~*~*~ (hiding).
   130 | D:1      | 130 ||| Stepping ~*~*~tactically~*~*~ (hiding).
   249 | D:1      | 249 ||| Stepping ~*~*~tactically~*~*~ (stealth).
   250 | D:1      | 250 ||| Stepping ~*~*~tactically~*~*~ (stealth).
   255 | D:1      | 255 ||| Stepping ~*~*~tactically~*~*~ (stealth).
   260 | D:1      | 260 ||| Stepping ~*~*~tactically~*~*~ (stealth).
   262 | D:1      | 262 ||| Stepping ~*~*~tactically~*~*~ (stealth).
   274 | D:1      | 274 ||| INVOKING Fiery Armour.
   403 | D:1      | Reached XP level 3. HP: 23/23 MP: 4/4
   598 | D:1      | 598 ||| UPGRADING to +0 leather armour.
   608 | D:1      | 608 ||| DROPPING +0 robe.
   609 | D:1      | 609 ||| UPGRADING to +0 pair of gloves.
   614 | D:1      | 614 ||| READING 3 scrolls labelled KEIZEZX MOKKO.
   615 | D:1      | 615 ||| READING 2 scrolls of enchant armour.
   615 | D:1      | 615 ||| ENCHANTING +0 pair of gloves.
   616 | D:1      | 616 ||| READING scroll of enchant armour.
   616 | D:1      | 616 ||| ENCHANTING +1 pair of gloves.
   617 | D:1      | 617 ||| READING 3 scrolls labelled QARUIZXISE.
   621 | D:1      | 621 ||| READING scroll labelled DOQUSO PIMODGHI.
   628 | D:1      | 628 ||| READING scroll labelled YRIGUYKHOAT.
   629 | D:1      | 629 ||| READING scroll labelled DASYC REORU.
   630 | D:1      | 630 ||| DRINKING 2 puce potions.
   644 | D:2      | Found an ancient bone altar of Kikubaaqudgha.
   655 | D:2      | 655 ||| Stepping ~*~*~tactically~*~*~ (stealth).
   743 | D:2      | Reached skill level 4 in Axes
  1059 | D:2      | 1059 ||| Stepping ~*~*~tactically~*~*~ (stealth).
  1066 | D:2      | 1066 ||| Stepping ~*~*~tactically~*~*~ (stealth).
  1240 | D:2      | 1240 ||| Stepping ~*~*~tactically~*~*~ (hiding).
  1247 | D:2      | Reached XP level 4. HP: 28/28 MP: 5/5
  1395 | D:2      | 1395 ||| UPGRADING to +0 plate armour.
  1405 | D:2      | 1405 ||| DROPPING +0 leather armour.
  1406 | D:2      | 1406 ||| READING scroll labelled VOCLEU NOEZUTEA.
  1407 | D:2      | 1407 ||| DRINKING 2 grey potions.
  1408 | D:2      | 1408 ||| DROPPING potion of attraction.
  1463 | D:3      | Reached skill level 1 in Armour
  1476 | D:3      | 1476 ||| DROPPING +0 club.
  1502 | D:3      | 1502 ||| READING scroll of brand weapon.
  1502 | D:3      | 1502 ||| BRANDING -1 hand axe of venom.
  1503 | D:3      | 1503 ||| DROPPING +0 mace.
  2010 | D:3      | 2010 ||| READING scroll of enchant armour.
  2010 | D:3      | 2010 ||| ENCHANTING +0 plate armour.
  2063 | D:3      | 2063 ||| UPGRADING to +0 pair of boots.
  2068 | D:3      | 2068 ||| UPGRADING to +0 cloak.
  2073 | D:3      | 2073 ||| READING scroll labelled VUOBUXZEEWN.
  2127 | D:4      | Noticed a scorpion
  2136 | D:4      | Killed a scorpion
  2137 | D:4      | Reached skill level 3 in Armour
  2137 | D:4      | Reached XP level 5. HP: 32/32 MP: 6/6
  2201 | D:4      | Noticed an ogre
  2202 | D:4      | 2202 ||| Stepping ~*~*~tactically~*~*~ (stealth).
  2211 | D:4      | 2211 ||| INVOKING Fiery Armour.
  2217 | D:4      | Killed an ogre
  2218 | D:4      | Reached skill level 5 in Axes
  2218 | D:4      | Reached XP level 6. HP: 11/37 MP: 7/7
  2393 | D:4      | 2393 ||| Stepping ~*~*~tactically~*~*~ (stealth).
  2394 | D:4      | 2394 ||| Stepping ~*~*~tactically~*~*~ (stealth).
  2434 | D:4      | 2434 ||| Stepping ~*~*~tactically~*~*~ (stealth).
  2436 | D:4      | 2436 ||| Stepping ~*~*~tactically~*~*~ (hiding).
  2437 | D:4      | 2437 ||| Stepping ~*~*~tactically~*~*~ (hiding).
  2463 | D:4      | 2463 ||| Stepping ~*~*~tactically~*~*~ (stealth).
  2496 | D:4      | Found a radiant altar of Vehumet.
  2499 | D:4      | Found a sparkling altar of Nemelex Xobeh.
  2580 | D:4      | 2580 ||| Stepping ~*~*~tactically~*~*~ (stealth).
  2585 | D:4      | HP: 6/37 [ogre/+0 giant club (24)]
  2586 | D:4      | 2586 ||| READING 3 scrolls of teleportation.
  2586 | D:4      | Demolished by an ogre

Levels and vault maps discovered:
D:1:      scummos_arrival_checkerplants, layout_rooms
D:2:      wander_river, layout_basic, basic_altar, grunt_decor_junction,
          roderic_serpentine_path, kennysheep_generic_room_5
D:3:      layout_basic, grunt_ministairs_9
D:4:      layout_loops_cross, mainiacjoe_overflow_big_doors, uniq_pikel

Skill      XL: |  1  2  3  4  5 |
---------------+----------------+-----
Axes           | 3 4 5 |  5.2
Armour         | 3 |  3.4
Fighting       | |  3.5
Spellcasting   | |  1.0
Fire Magic     | |  3.0

Action                     |  1- 3 |  4- 6 || total
---------------------------+-------+-------++-------
  Melee: Hand axe          |   124 |   107 ||   231
         Punch             |       |     1 ||     1
 Invoke: Fiery Armour      |     1 |     1 ||     2
    Use: Scroll            |     7 |     5 ||    12
         Potion            |     1 |     1 ||     2
 Armour: Robe              |    39 |       ||    39
         Leather armour    |    14 |       ||    14
         Plate armour      |       |    69 ||    69
  Dodge: Dodged            |    71 |    26 ||    97

Table legend:
 A = Non-vault XP
 B = Vault XP
 C = Vault XP percentage of total XP
 D = Non-vault monster count
 E = Vault monster count
 F = Vault count percentage of total count
                 A         B        C        D         E       F
            +---------+---------+-------+---------+---------+-------
      Total |     388 |      12 |   3.0 |      67 |       5 |   6.9
            +---------+---------+-------+---------+---------+-------
        D:1 |      42 |       0 |   0.0 |      26 |       0 |   0.0
        D:2 |      39 |       6 |  13.3 |      15 |       3 |  16.7
        D:3 |      58 |       6 |   9.4 |      13 |       2 |  13.3
        D:4 |     249 |       0 |   0.0 |      13 |       0 |   0.0
            +---------+---------+-------+---------+---------+-------
